Map: Whirlwind LE (Void)

Players

DarkSoul

  • Race: Zerg Zerg
  • League: Diamond
  • Spawn Location: 11:00

Musumeci - Winner!

  • Race: Zerg Zerg
  • League: Diamond
  • Spawn Location: 5:00

VOD

Have the link to the VOD?

Description

Time

  • Played on: Dec. 27, 2016, 9:23 a.m.
  • Length: 3:50
Show
View Real Time Build Order
Export as new Build Order

DarkSoul Zerg 

Build Orders: Hatch First 

Get SALT Encoding   

  12  0:01  Drone  
  13  0:12  Overlord  
  13  0:17  Drone  
  14  0:30  Drone  
  14  0:31  Drone  
  14  0:34  Drone  
  17  0:53  Hatchery  
  17  0:56  Drone  
  17  0:59  Drone  
  17  1:01  Extractor  
  17  1:13  Spawning Pool  
  16  1:19  Drone  
  16  1:22  Drone  
  18  1:28  Drone  
  19  1:39  Overlord  
  19  2:00  Queen  
  21  2:02  Zergling x4  
  21  2:04  Queen  
  21  2:05  Metabolic Boost  
  25  2:12  Drone  
  25  2:13  Drone  
  27  2:29  Drone x3  
  30  2:42  Drone, Overlord  
  31  2:50  Drone x2  
  33  2:52  Baneling Nest  
  33  2:54  Drone  
  33  3:00  Drone  
  34  3:08  Drone x2  
  36  3:14  Hatchery  
  35  3:22  Drone x4  
  35  3:23  Drone x2  
  41  3:27  Overlord  
Show
View Real Time Build Order
Export as new Build Order

Musumeci Zerg - Winner!

Build Orders: Hatch First 

Get SALT Encoding   

  12  0:00  Drone  
  13  0:08  Drone  
  13  0:14  Extractor  
  13  0:15  Drone  
  15  0:27  Overlord  
  15  0:32  Extractor x2  
  15  0:33  Drone  
  16  0:46  Drone x2  
  18  1:00  Hatchery  
  17  1:06  Extractor  
  16  1:16  Spawning Pool  
  15  1:19  Drone  
  15  1:24  Drone  
  17  1:27  Drone  
  17  1:32  Drone  
  19  1:41  Drone  
  20  2:04  Zergling x2  
  21  2:11  Queen x2  
  21  2:12  Metabolic Boost  
  21  2:14  Zergling x2  
  26  2:22  Zergling x4  
  28  2:30  Overlord  
  28  2:48  Baneling Nest  
  26  2:51  Overlord  
  26  2:58  Drone x3, Evolution Chamber  
  27  2:59  Drone  
  29  3:15  Zergling x8  
Tags
 
Add a new tag
Caveats
  • Supply blocks, unpowered buildings, or Contaminate may cause inaccurate times.
  • Supply counts are checked every 10 seconds.